 Dungeon Crawl Stone Soup version 0.18-a0-1267-gff090c1 (webtiles) character file.

15877 Gagarin the Blocker (level 12, -7/109 HPs)
             Began as a Deep Dwarf Fighter on Feb 6, 2016.
             Was a Priest of Pakellas.
             Killed from afar by namelastname112's ghost (23 damage)
             ... with a bolt of negative energy
             ... on level 3 of the Lair of Beasts.
             The game lasted 01:06:28 (11453 turns).

Gagarin the Blocker (Deep Dwarf Fighter)           Turns: 11453, Time: 01:06:29

Health: -7/109     AC: 12    Str: 28    XL:     12   Next: 5%
Magic:  0/15       EV: 11    Int: 13    God:    Pakellas [***...]
Gold:   654        SH: 10    Dex: 12    Spells: 0 memorised, 11 levels left

rFire  + . .     SeeInvis .     a - +1 war axe
rCold  + . .     Gourm    .     j - +2 scale mail {MR+}
rNeg   . . .     Faith    .     c - +0 shield
rPois  +         Spirit   .     (no helmet)
rElec  +         Dismiss  .     k - +0 cloak
rCorr  +         Reflect  .     t - +0 pair of gloves
SustAt .         Harm     .     v - +0 pair of boots
MR     ++...                    (no amulet)
Stlth  ..........               (no ring)
                                M - ring of poison resistance

@: mighty, resistant, non-regenerating, very heavily drained, very resistant to
hostile enchantments, extremely unstealthy
A: damage resistance, recharge devices, repulsion field 1, clever 1, low mp 1,
sense surroundings 2, slow regeneration 3
a: Device Recharging, Quick Charge, Device Surge, Renounce Religion


You were on level 3 of the Lair of Beasts.
You worshipped Pakellas.
Pakellas was most pleased with you.
You were not hungry.

You visited 2 branches of the dungeon, and saw 13 of its levels.

You collected 870 gold pieces.
You spent 216 gold pieces at shops.

Inventory:

Hand Weapons
 a - a +1 war axe (weapon)
 g - a +2 hunting sling of flaming
 V - a +4 flail of draining
Missiles
 L - 79 sling bullets
Armour
 c - a +0 shield (worn)
 j - a +2 scale mail of magic resistance (worn)
 k - a +0 cloak (worn)
 t - a +0 pair of gloves (worn)
 v - a +0 pair of boots (worn)
Rods
 Q - a +3 rod of shadows (14/14)
   (Pakellas gifted it to you on level 8 of the Dungeon)
Jewellery
 M - a ring of poison resistance (left hand)
Wands
 b - a wand of disintegration (11/24)
 e - a wand of heal wounds (0/9)
 o - a wand of iceblast (8/15)
 D - a wand of disintegration (2/24)
 F - a wand of polymorph (17/24)
 N - a wand of acid (2/15)
 U - a wand of flame (31/48)
Scrolls
 h - 8 scrolls of identify
 m - a scroll of enchant weapon
 q - 9 scrolls of teleportation
 r - 2 scrolls of immolation
 u - 3 scrolls of remove curse
 C - 4 scrolls of magic mapping
 H - a scroll of blinking {unknown}
 I - a scroll of fog
 O - 2 scrolls of fear
 S - 2 scrolls of holy word {unknown}
 T - 4 scrolls of enchant armour
Potions
 d - 2 potions of might
 i - a potion of flight
 l - a potion of cancellation {unknown}
 n - 2 potions of brilliance
 p - a potion of mutation
 w - a potion of invisibility
 K - 2 potions of lignification
 P - a potion of cure mutation {unknown}
Miscellaneous
 y - a plain deck of changes
Comestibles
 f - 12 bread rations
 x - 3 beef jerkies
 z - 11 fruits
 A - 3 chunks of flesh


   Skills:
 + Level 7.6(1.8) Fighting
 + Level 9.8(3.8) Axes
 + Level 1.0(0.2) Maces & Flails
 + Level 8.8(2.9) Armour
 + Level 9.4(3.4) Dodging
 + Level 2.3(0.0) Stealth
 + Level 11.1(4.8) Shields
 * Level 6.6(1.0) Evocations


You had 11 spell levels left.
You didn't know any spells.

Dungeon Overview and Level Annotations

Branches:
Dungeon (10/15)            Temple (0/1) D:7            Lair (3/8) D:10
  Swamp: Lair:3-6    Shoals: Lair:3-6     Snake: Lair:3-6    Spider: Lair:3-6
    Orc: D:9-12

Altars:
Cheibriados
Dithmenos
Fedhas
Gozag
Kikubaaqudgha
Makhleb
Okawaru
Pakellas
Qazlal
Ru
Sif Muna
Trog
Vehumet
Xom
Yredelemnul

Shops:
D:4 *[}:%

Annotations:
Lair:3 namelastname112's ghost, journeyman DrHu


Innate Abilities, Weirdness & Mutations

You are resistant to damage.
You can recharge devices by infusing magical energy.
You passively map the area around you.
You do not regenerate naturally.
You are surrounded by a mild repulsion field (EV +2).
Your mind is acute. (Int +2)
Your magical capacity is low (-10% MP).


Message History

The bolt of negative energy hits you!
You feel drained.
* * * LOW HITPOINT WARNING * * *
You barely miss namelastname112's ghost.
Namelastname112's ghost is almost destroyed.
You block namelastname112's ghost's attack.
Drink which item? (? for menu, Esc to quit)
You feel better.
Namelastname112's ghost closely misses you.
Drink which item? (? for menu, Esc to quit)
You feel better.
Namelastname112's ghost closely misses you.
Your shield and scale mail prevent you from hitting namelastname112's ghost.
Namelastname112's ghost is almost destroyed.
You block namelastname112's ghost's attack.
Namelastname112's ghost hits you but does no damage.
You closely miss namelastname112's ghost.
Namelastname112's ghost is severely damaged.
Namelastname112's ghost breathes negative energy at you.
The bolt of negative energy hits you!
You feel drained.
You die...

#....≈≈≈≈≈≈≈≈..
#...≈≈≈≈≈≈≈....
,
#P...≈≈≈≈≈≈....*
##..<.≈≈≈≈≈....*
* #....≈≈≈≈≈....
#.#.≈≈≈≈≈≈≈....*
####.≈≈≈≈≈.....*
, #...W.......*
*#...@.....?.* *
#............
*#............*
* *
#P......##.... *
##..._..# ... *
##...... , .# *
* #.......* *#
*,* ##......# ,
, ,


You could see namelastname112's ghost.

Vanquished Creatures
  2 hydras (Lair:2)
  A hill giant (D:10)
  Pikel (D:5)
  A cyclops (D:10)
  Maurice (D:10)
  Psyche (D:9)
  5 spiny frogs
  4 komodo dragons
  2 trolls
  Grinder (D:3)
  5 blink frogs (Lair:2)
  A wyvern (D:9)
  5 yaks
  4 hippogriffs
  A steam dragon (D:9)
  2 water moccasins
  A soldier ant (D:10)
  2 porcupines (Lair:1)
  6 orc warriors
  2 ice beasts
  2 sky beasts
  2 phantoms
  A black bear (D:9)
  A wasp (D:8)
  4 centaurs
  5 ogres
  A necrophage (D:7)
  6 crocodiles
  The ghost of crawlian the Insei, an amateur TeMo (D:4)
  3 big kobolds
  A gnoll sergeant (D:5)
  7 giant frogs
  A wyvern zombie (D:10)
  A scorpion (D:8)
  2 water moccasin skeletons (D:8)
  12 killer bees
  The ghost of crawlian the Insei, a weakling TeMo of Nemelex Xobeh (D:7)
  2 giant frog zombies
  6 crimson imps
  A centaur zombie (D:8)
  5 hounds
  A quasit (D:7)
  2 giant frog skeletons (D:9)
  4 orc priests
  8 orc wizards
  A gnoll shaman (D:5)
  4 jellies
  A centaur skeleton (D:9)
  6 iguanas
  Jessica (D:9)
  Natasha (thrice) (D:2)
  8 worker ants
  3 killer bee zombies
  2 sheep (D:10)
  2 hound skeletons
  12 gnolls
  11 adders
  38 river rats
  An adder skeleton (D:7)
  5 worms
  9 giant geckos
  34 orcs
  12 giant cockroaches
  6 goblins
  12 hobgoblins
  12 jackals
  21 kobolds
  4 quokkas
  16 bats
  A giant gecko skeleton (D:6)
  3 giant newts
  A quokka zombie (D:8)
  34 rats
  A bush (D:1)
  6 fungi
  A plant (Lair:2)
399 creatures vanquished.

Vanquished Creatures (others)
  An orc wizard (D:7)
  A gnoll (D:5)
  An adder skeleton (D:5)
  An orc (D:5)
  3 fungi (D:10)
  A plant (D:10)
8 creatures vanquished.

Grand Total: 407 creatures vanquished

Notes
Turn   | Place    | Note
--------------------------------------------------------------
     0 | D:1      | Gagarin the Deep Dwarf Fighter began the quest for the Orb.
     0 | D:1      | Reached XP level 1. HP: 20/20 MP: 1/1
    56 | D:1      | Reached XP level 2. HP: 24/27 MP: 2/2
   487 | D:1      | Reached XP level 3. HP: 26/34 MP: 3/3
   776 | D:1      | Reached skill level 4 in Shields
  1454 | D:2      | Reached skill level 1 in Dodging
  1454 | D:2      | Reached XP level 4. HP: 29/42 MP: 4/4
  1522 | D:2      | Noticed Natasha
  1524 | D:2      | Killed Natasha
  1593 | D:2      | Noticed Natasha
  1602 | D:2      | Killed Natasha
  1673 | D:2      | Noticed Natasha
  1685 | D:2      | Killed Natasha
  1685 | D:2      | Reached XP level 5. HP: 18/49 MP: 5/5
  1799 | D:2      | Found an oddly glowing altar of Pakellas.
  1808 | D:2      | Became a worshipper of Pakellas the Inventive
  1976 | D:3      | Found a blossoming altar of Fedhas.
  2062 | D:3      | Found a sacrificial altar of Ru.
  2062 | D:3      | Noticed an orc warrior
  2080 | D:3      | HP: 1/49 [orc warrior/battleaxe (17)]
  2091 | D:3      | Killed an orc warrior
  2091 | D:3      | Reached XP level 6. HP: 27/56 MP: 6/6
  2100 | D:3      | Reached skill level 1 in Evocations
  2153 | D:3      | Found an opulent altar of Gozag.
  2183 | D:3      | Found a faded altar to an unknown god.
  2194 | D:3      | Reached skill level 5 in Shields
  2241 | D:3      | Found a bloodstained altar of Trog.
  2288 | D:3      | Found a glowing drain.
  2352 | D:3      | Reached * piety under Pakellas
  2416 | D:3      | Noticed Grinder
  2435 | D:3      | Paralysed by Grinder for 4 turns
  2443 | D:3      | Paralysed by Grinder for 2 turns
  2461 | D:3      | Killed Grinder
  2461 | D:3      | Reached XP level 7. HP: 15/63 MP: 4/8
  2771 | D:4      | Found Heopra's Gadget Boutique.
  2779 | D:4      | Bought a wand of disintegration (14/24) for 216 gold pieces
  2781 | D:4      | Found Caryq's Food Emporium.
  2806 | D:4      | Found Veaclu Qito's Book Boutique.
  2966 | D:4      | Reached skill level 5 in Armour
  3025 | D:4      | Found Sounkuth's Armour Shoppe.
  3126 | D:4      | Found Tillewk's Assorted Antiques.
  3176 | D:4      | Found a basalt altar of Yredelemnul.
  3242 | D:4      | Noticed crawlian's ghost (amateur TeMo)
  3267 | D:4      | Killed crawlian's ghost
  3267 | D:4      | Reached skill level 1 in Stealth
  3474 | D:5      | Entered Level 5 of the Dungeon
  3568 | D:5      | Noticed Pikel
  3590 | D:5      | Killed Pikel
  3590 | D:5      | Reached skill level 6 in Shields
  3590 | D:5      | Reached XP level 8. HP: 50/73 MP: 3/9
  3835 | D:5      | Found a stormy altar of Qazlal.
  3835 | D:5      | Noticed an air elemental
  4040 | D:5      | Reached skill level 5 in Dodging
  4128 | D:5      | Reached skill level 5 in Axes
  4140 | D:5      | Reached skill level 5 in Fighting
  4419 | D:5      | Reached skill level 7 in Shields
  4524 | D:6      | Reached ** piety under Pakellas
  4524 | D:6      | Received a gift from Pakellas
  4576 | D:6      | Found a shadowy altar of Dithmenos.
  4723 | D:6      | Gained mutation: You passively map the area around you. [Deep Dwarf growth]
  4723 | D:6      | Reached XP level 9. HP: 51/81 MP: 10/10
  5353 | D:7      | Found a staircase to the Ecumenical Temple.
  5457 | D:7      | Reached skill level 8 in Shields
  5534 | D:7      | Noticed crawlian's ghost (weakling TeMo)
  5548 | D:7      | Killed crawlian's ghost
  5744 | D:7      | Found a burning altar of Makhleb.
  5903 | D:7      | Reached *** piety under Pakellas
  6512 | D:8      | Found a radiant altar of Vehumet.
  6600 | D:8      | Found a snail-covered altar of Cheibriados.
  6641 | D:8      | Reached XP level 10. HP: 53/91 MP: 11/11
  6810 | D:8      | Found an ancient bone altar of Kikubaaqudgha.
  6886 | D:8      | Gained mutation: Your magical capacity is low (-10% MP). [potion of mutation]
  6886 | D:8      | Gained mutation: You are surrounded by a mild repulsion field (EV +2). [potion of mutation]
  6886 | D:8      | Gained mutation: Your mind is acute. (Int +2) [potion of mutation]
  7173 | D:8      | Reached **** piety under Pakellas
  7173 | D:8      | Received a gift from Pakellas
  7297 | D:8      | Reached skill level 9 in Shields
  7593 | D:9      | Noticed Psyche
  7608 | D:9      | Killed Psyche
  7676 | D:9      | Found an iron altar of Okawaru.
  7986 | D:9      | Noticed Jessica
  7997 | D:9      | Killed Jessica
  7998 | D:9      | Found a deep blue altar of Sif Muna.
  8053 | D:10     | Entered Level 10 of the Dungeon
  8514 | D:10     | Noticed a cyclops
  8533 | D:10     | Killed a cyclops
  8533 | D:10     | Reached skill level 10 in Shields
  8536 | D:10     | Reached XP level 11. HP: 79/99 MP: 8/12
  8678 | D:10     | Found a staircase to the Lair.
  8826 | D:10     | Noticed a hill giant
  8843 | D:10     | Killed a hill giant
  9245 | D:10     | Noticed Maurice
  9722 | D:10     | Killed Maurice
  9730 | D:10     | Reached ***** piety under Pakellas
  9770 | Lair:1   | Entered Level 1 of the Lair of Beasts
 10331 | Lair:2   | Noticed a four-headed hydra
 10342 | Lair:2   | Killed a four-headed hydra
 10400 | Lair:2   | Reached skill level 5 in Evocations
 10442 | Lair:2   | Noticed a four-headed hydra
 10458 | Lair:2   | Killed a four-headed hydra
 10647 | Lair:2   | Reached skill level 1 in Maces & Flails
 10749 | Lair:2   | Reached skill level 11 in Shields
 10999 | Lair:2   | Reached XP level 12. HP: 65/109 MP: 4/15
 11368 | Lair:3   | Found a shimmering altar of Xom.
 11369 | Lair:3   | Noticed namelastname112's ghost (journeyman DrHu)
 11399 | Lair:3   | HP: 5/109 [namelastname112's ghost/bolt of negative energy (38)]
 11419 | Lair:3   | HP: 4/109 [namelastname112's ghost/bolt of negative energy (43)]
 11448 | Lair:3   | HP: 1/109 [namelastname112's ghost/bolt of negative energy (12)]
 11453 | Lair:3   | Killed from afar by namelastname112's ghost

Vault maps used:
D:1:      erik_arrival_orb_chamber, serial_forest, infiniplex_forest_corner_1,
          infiniplex_forest_straight_4, infiniplex_forest_clump_double,
          infiniplex_forest_end_double, infiniplex_forest_clump_small,
          infiniplex_forest_clump_small, minmay_close_crescents
D:2:      overflow_temple_1_default, first_bread, uniq_natasha
D:3:      marbit_many_paths, lemuel_crystal_altar, fedhas_altar_fruit_tree,
          nicolae_ru_awakened_eye, portal_sewer_entry_e, ecumenical_altar_2,
          uniq_grinder
D:4:      kennysheep_mini, serial_shops, shop, shop, kennysheep_mini_moat, shop,
          shop, minmay_hedge_maze, kennysheep_boxes
D:5:      nicolae_qazlal_style_of_elements, due_unseen_surprise, uniq_pikel
D:6:      nicolae_dithmenos_shadow_blocks, kennysheep_nub
D:7:      makhleb_heckhound_becter, minmay_temple_entry_junction
D:8:      kiku_gazebo_garden_becter, lemuel_doored_altar, fiery_altar_vehumet
D:9:      tgw_sif, lemuel_crystal_altar, blue_anna_alchemist, uniq_psyche
D:10:     grunt_lair_entry_orc_guard_hut, uniq_maurice
Lair:2:   infiniplex_staircase_pool_2, grunt_megastairs_3, serial_bayou_shore_a,
          lemuel_fruit_tree
Lair:3:   forest_paths, elwin_shoals_entry_stream, basic_altar,
          infiniplex_staircase_pool, uniq_maud

Action                   |  1- 3 |  4- 6 |  7- 9 | 10-12 || total
-------------------------+-------+-------+-------+-------++-------
Melee: War axe           |   207 |   169 |   682 |   898 ||  1956
       Flail             |       |       |       |    43 ||    43
Invok: Quick Charge      |       |     1 |    10 |    36 ||    47
       Device Surge      |       |       |       |     1 ||     1
Evoke: Wand              |       |     6 |    15 |    64 ||    85
  Use: Potion            |       |     2 |     2 |    13 ||    17
       Scroll            |       |       |    13 |     2 ||    15
  Eat: Chunk             |     2 |     4 |    17 |     9 ||    32
       Meat ration       |       |       |       |     3 ||     3
       Pizza             |       |       |       |     1 ||     1
